[Event "16th Serbian Championship 2022"]
[Site "Bajina Basta"]
[Date "2022.12.14"]
[Round "9.4"]
[White "Radovanovic, Nikola"]
[Black "Ivic, Velimir"]
[Result "0-1"]
[ECO "B32"]
[WhiteElo "2414"]
[BlackElo "2560"]
[Annotator "TA"]
[PlyCount "74"]
[EventDate "2022.12.06"]
[EventType "tourn"]
[EventCountry "SRB"]
[SourceTitle "playchess.com"]
[Source "ChessBase"]
[SourceQuality "1"]
[TimeControl "40/5400+30:1800+30"]

1. e4 c5 2. Nf3 Nc6 3. d4 cxd4 4. Nxd4 e5 5. Nb5 d6 6. N1c3 a6 7. Na3 Be6 8. Nc4 Rb8 {[%emt 0:00:17] now supersedes 8...b5. B32: Sicilian: Löwenthal and Kalashnikov Variations.} 9. Ne3 Nf6 10. Bd3 g6 {[%emt 0:00:27] The position is equal.} 11. O-O {[%emt 0:02:46] [#]} Rc8 $5 $146 {[%emt 0:00:19][%mdl 8] An interesting novelty.} ({Predecessor:} 11... Bg7 12. Ncd5 Bxd5 13. exd5 Ne7 14. c4 O-O 15. Be2 Nd7 16. b3 e4 17. Rb1 f5 {0-1 (42) Alekseenko,K (2698)-Dardha,D (2561) Chess.com INT 2022}) 12. Ncd5 Bxd5 13. Nxd5 Nxd5 14. exd5 Nb8 15. a4 Bg7 16. a5 O-O 17. Ra3 Nd7 18. Qe1 f5 19. f3 {[%emt 0:03:52] Prevents e4.} Re8 20. Qb4 {[%emt 0:01:28] Inhibits e4.} Nc5 21. Be3 Qe7 22. Re1 e4 (22... Nxd3 {simplifies} 23. cxd3 Qf7 24. Qb3 h5) 23. fxe4 Nxe4 24. Bf2 {[%emt 0:09:33] Inhibits Nc5.} Be5 {[%emt 0:11:20] Hoping for ...Nxf2.} (24... Qg5 {looks sharper.} 25. Bxe4 fxe4 26. Rxe4 Be5) 25. Bxe4 fxe4 26. c3 Qf7 27. g3 (27. Raa1 $11 {keeps the balance.}) 27... Rf8 ({Of course not} 27... Qxd5 $6 28. Qxe4 Qd2 29. Qb1 $11 (29. Qxb7 Rf8 $14)) (27... b5 $1 $17 {Threatens to win with ...Rf8.} 28. axb6 Rf8) 28. Qb6 Qxd5 29. Ra4 $2 {[%emt 0:01:16] This move loses the game for White.} (29. Qb3 $15 Rc4 30. Ra4) 29... Rf3 $1 $19 30. Raxe4 Rcf8 31. R4e2 {[%emt 0:00:15] [#]} (31. Bd4 Bxg3 $1 32. Qc7 Bxh2+ $1 33. Kh1 Be5 34. Bxe5 Rf1+ 35. Rxf1 Qxe4+ 36. Kg1 Qg4+ 37. Kh2 Qe2+ 38. Kg3 Qxe5+ 39. Kh3 Qe3+ 40. Kh4 Qe4+ 41. Kh3 Qd3+ 42. Kh2 Qxf1 43. Qb6 Rf2+) 31... Qf7 $1 {[%emt 0:01:37] aiming for ...h5.} 32. Rd1 $2 {[%emt 0:07:18] [#]} (32. Kg2) 32... h5 $1 {[%emt 0:00:46][%cal Oh5h4] ...h4! is the strong threat.} 33. Rdd2 {[%emt 0:00:04] Against h4} (33. Kf1 $142 h4 34. Ke1) 33... h4 $1 34. Kg2 hxg3 {[%emt 0:00:41] Black mates.} 35. hxg3 {[%emt 0:00:05] [#]} Rxg3+ $3 36. Kf1 Rh3 37. Re3 Rh1+ {[%emt 0:00:06] Weighted Error Value: White=0.56/Black=0.06 (flawless)} 0-1

[Event "16th Serbian Championship 2022"]
[Site "Bajina Basta"]
[Date "2022.12.14"]
[Round "9.5"]
[White "Kovacevic, Aleksandar"]
[Black "Djordjevic, Vuk"]
[Result "1-0"]
[ECO "C04"]
[WhiteElo "2470"]
[BlackElo "2394"]
[Annotator "TA"]
[PlyCount "111"]
[EventDate "2022.12.06"]
[EventType "tourn"]
[EventCountry "SRB"]
[SourceTitle "playchess.com"]
[Source "ChessBase"]
[SourceQuality "1"]
[TimeControl "40/5400+30:1800+30"]

1. e4 e6 2. d4 d5 3. Nd2 Nc6 4. Ngf3 Nf6 5. e5 Nd7 6. Nb3 Be7 7. Bf4 {[%emt 0:00:14] C04: French Tarrasch: 3...Nc6.} a5 8. a4 b6 9. h4 {[%emt 0:02:29] White is slightly better.} Ba6 10. Bxa6 Rxa6 11. Rh3 {[%emt 0:01:59] [#]} h5 $146 ({Predecessor:} 11... Ndb8 12. Rg3 Bf8 13. h5 h6 14. c3 Ne7 15. Nh4 Kd7 16. Be3 Kc8 17. Qg4 Qd7 {1-0 (59) Samani,Y (2263)-Yurtseven,M (2353) Kocaeli 2017}) 12. Ng5 Nf8 13. Bd2 Qd7 14. c3 Ra8 15. Nc1 Bd8 16. Nd3 Ng6 17. g4 hxg4 18. Qxg4 Nce7 19. h5 Nf8 20. Nf3 $36 {[%emt 0:04:40][%cal Bg5f3,Bf3h2,Bh2f1][%mdl 2080] White is pushing.} ({But not} 20. Nxf7 Kxf7 21. Rf3+ (21. h6 $2 g6 $19) 21... Kg8 $17) 20... Nf5 21. Nh2 Qe7 22. Nf1 g6 23. Nf4 c5 24. hxg6 {[%emt 0:13:33] White is more active.} Rxh3 25. gxf7+ $1 Qxf7 26. Nxh3 ({Better is} 26. Qxh3 $14 cxd4 27. cxd4) 26... Rc8 27. Ne3 {[%emt 0:01:13] Nxf5 is the strong threat.} cxd4 28. Nxf5 Qxf5 29. Qxf5 exf5 30. Nf4 {[%emt 0:00:48] Inhibits Ne6.} dxc3 31. Bxc3 d4 32. Bxd4 Rc4 33. Be3 Re4 34. Nd5 Rxe5 35. O-O-O Nd7 36. Kc2 Re6 37. Rd3 Ne5 38. Rc3 Ng4 39. Rd3 Rc6+ 40. Kb3 Rd6 (40... Nxe3 $11 {remains equal.} 41. Nxe3 (41. Rxe3+ Kd7 $11) 41... Rc5) 41. Bf4 $16 Re6 {[%emt 0:18:38] [#] A mistake that costs the game.} ({Black should try} 41... Rc6 $14) 42. f3 $1 $18 Nf2 43. Rd2 Nh3 {[%emt 0:00:21] [#]} 44. Bc7 Rh6 $2 (44... Bg5 {is a better defense.} 45. Rh2 Rh6 46. Bxb6 Bd8) 45. Bxd8 Kxd8 {[%emt 0:00:04][%mdl 4096] Endgame KRN-KRN} 46. Nf4+ ({Not} 46. Nxb6+ Kc7 $16) 46... Ke7 47. Rh2 Rh4 48. Nxh3 {[%emt 0:00:06] KRN-KR} (48. Ng6+ $142 Kd6 49. Nxh4) 48... Kd6 49. Rd2+ Ke5 50. Nf2 Rb4+ 51. Kc3 {[%emt 0:05:16] Intending Nd3+ and mate.} Rxa4 52. Nd3+ Kf6 53. Rh2 {[%emt 0:00:12] White is clearly winning.} b5 54. Rh6+ Kg5 55. Rb6 b4+ 56. Kd4 {[%emt 0:03:36] Weighted Error Value: White=0.16 (very precise) /Black=0.28 (precise)} 1-0